FIQ, neutral male scurrid Tourist r FIQ the Rambler Experience level: 1 Strength: 10 Dexterity: 11 Constitution: 14 Intelligence: 13 Wisdom: 6 Charisma: 21 Health: 5(9) Energy: 2(2) Def: 0 Gold: 441 Moves: 61 Dungeon seed: y-M7KsKoqRBBe74Z Game ID: FIQ_1498603043 Your Inventory: Coins $ - 441 gold pieces Weapons a - 49 uncursed +2 darts (in quiver) Armor e - an uncursed +0 Hawaiian shirt (being worn) Comestibles b - an uncursed pancake c - 5 uncursed food rations d - an uncursed candy bar f - an uncursed chestnut g - 2 uncursed oranges h - an uncursed fortune cookie i - an uncursed tripe ration Scrolls k - 3 uncursed scrolls of magic mapping l - a blessed scroll of magic mapping Potions j - 2 uncursed potions of extra healing Rings q - a cursed -3 ring of increase accuracy Wands o - an uncursed wand of secret door detection (0:12) Tools m - an uncursed expensive camera (0:65) n - an uncursed credit card p - an uncursed tin opener Spells and supernatural/magical abilities: Name Level Category Fail Memory W - pray for help -- divine ? -- Your skills at the end: Miscellaneous Skills wands [Basic] Weapon Skills dart [Basic] Spellcasting Skills Final Attributes: You were devoutly aligned. You were blinded. You had infravision. You were very stealthy. You were swallowed by a dust vortex. You survived. Voluntary challenges: You went without food. You did not adorn yourself with jewelry or accessories. You did not cause conflict. You were not invisible. You did not have reflection. You were not displaced. You were an atheist. You never hit with a wielded weapon. You were a pacifist. You did not use tools. You did not use plumbed fixtures. You did not drink any magical draughts. You were illiterate. You never genocided any monsters. You never polymorphed an object. You never changed form. You used no wishes. You never split a pudding. You never wrote Elbereth's name. You never violated your personal moral code. Dungeon overview: The Dungeons of Doom: levels 1 to 22 Level 1 a long staircase Level 2 a long staircase Level 3 Level 4 Level 5 a fountain Level 6 Level 7 Level 8 Level 9 Level 10 Level 11 Level 12 Level 13 Level 14 Level 15 Level 16 Level 17 Level 18 Level 19 Level 20 Level 21 Level 22 <- You were here History has recorded: On T:1 you entered the Dungeons of Doom to retrieve the Amulet of Yendor! On T:4 you reached level 2 of The Dungeons of Doom. On T:7 you reached level 3 of The Dungeons of Doom. On T:9 you reached level 4 of The Dungeons of Doom. On T:11 you reached level 5 of The Dungeons of Doom. On T:13 you reached level 6 of The Dungeons of Doom. On T:16 you reached level 7 of The Dungeons of Doom. On T:18 you reached level 8 of The Dungeons of Doom. On T:20 you reached level 9 of The Dungeons of Doom. On T:22 you reached level 10 of The Dungeons of Doom. On T:26 you reached level 11 of The Dungeons of Doom. On T:28 you reached level 12 of The Dungeons of Doom. On T:31 you reached level 13 of The Dungeons of Doom. On T:33 you reached level 14 of The Dungeons of Doom. On T:35 you reached level 15 of The Dungeons of Doom. On T:39 you reached level 16 of The Dungeons of Doom. On T:39 you entered the Rogue tribute level. On T:41 you reached level 17 of The Dungeons of Doom. On T:43 you reached level 18 of The Dungeons of Doom. On T:48 you reached level 19 of The Dungeons of Doom. On T:50 you reached level 20 of The Dungeons of Doom. On T:52 you reached level 21 of The Dungeons of Doom. On T:55 you reached level 22 of The Dungeons of Doom. Score breakdown: Gold: 41 ( 4 points) Experience: 1 level ( 0 points) Exploration: 22 levels ( 630 points) Discoveries: 1 item ( 50 points) Variety of kills: 0 monsters ( 0 points) Major goal: (nothing yet) ( 0 points) Survival: quit (score multiplied by 3) Total score: 2052 Latest messages: You dig a pit in the floor. You continue digging downward. You dig a hole through the floor. You fall through... You start digging downward. You continue digging downward. You dig a pit in the floor. You continue digging downward. You dig a hole through the floor. You fall through... You start digging downward. You continue digging downward. You dig a pit in the floor. You continue digging downward. You dig a hole through the floor. You fall through... The dust vortex engulfs you! You can't see in here! That command is only available in debug mode. You begin bashing monsters with your bare paws. You claw the dust vortex. You have no weapon equipped. You claw the dust vortex. (6x) You get expelled! Something engulfs you! That command is only available in debug mode. Final status: Aloha FIQ the Tourist, quit... You quit in The Dungeons of Doom on dungeon level 22 with 2052 points, and 441 pieces of gold, after 61 moves. You were level 1 with a maximum of 9 hit points when you quit.